 Dungeon Crawl Stone Soup version 0.31-a0-833-gc15d34cb79 (webtiles) character file.

Game seed: 7271223045775168384

60210 Kurtz the Severer (level 14, -1/101 HPs)
             Began as an Octopode Fighter on Sept 25, 2023.
             Was the Champion of Okawaru.
             Slain by a catoblepas (23 damage)
             ... on level 5 of the Lair of Beasts.
             The game lasted 00:47:42 (22066 turns).

Kurtz the Severer (Octopode Fighter)               Turns: 22066, Time: 00:47:43

Health: -1/101     AC:  5    Str: 24    XL:     14   Next: 98%
Magic:  19/21      EV: 25    Int: 13    God:    Okawaru [******]
Gold:   1425       SH: 33    Dex: 14    Spells: 13/13 levels left

rFire   + + .        z - +4 broad axe
rCold   + + +        h - +8 tower shield {rC+}
rNeg    + + +        H - +0 hat of Baldness {Drain rElec rN+ Int+3}
rPois   +            O - amulet of reflection
rElec   +            d - +4 ring of protection
rCorr   +            V - +5 ring of evasion
SInv    .            B - ring of positive energy
Will    +....        G - ring of resist corrosion
Stlth   +++++        N - ring of poison resistance
HPRegen 0.36/turn    R - ring of protection from fire
MPRegen 0.17/turn    Q - ring of protection from cold
                     e - ring "Obra Mir" {rF+ rC+ rN+ Str+6 Stlth+}

%: reflection
@: heroic, studying Ice Magic
A: almost no armour, amphibious, 8 rings, camouflage 1, gelatinous body 1,
(nimble swimmer 1), tentacles
a: Renounce Religion, Heroism, Finesse, Duel, Receive Weapon


You were on level 5 of the Lair of Beasts.
You worshipped Okawaru.
Okawaru was exalted by your worship.
You visited 2 branches of the dungeon, and saw 19 of its levels.
You also visited: Sewer, Bailey, Gauntlet and Ice Cave.

You collected 1425 gold pieces.

Inventory:

Hand Weapons
 z - a +4 broad axe (weapon)
 P - a +0 flail of protection
 S - the +5 mace of the Jolly Emperors {spect, Int+2}
   (You took it off a minotaur in a Gauntlet)

   Int+2:     It affects your intelligence (+2).
 Z - a +2 hand axe of freezing
Missiles
 a - a curare-tipped dart (quivered)
 s - 6 javelins
 y - 26 poisoned darts
Armour
 h - a +8 tower shield of cold resistance (worn)
 w - a +2 hat
 H - the +0 hat of Baldness (worn) {Drain rElec rN+ Int+3}
   (Okawaru gifted it to you on level 5 of the Lair of Beasts)

   Int+3:     It affects your intelligence (+3).
   rElec:     It insulates you from electricity.
   rN+:       It protects you from negative energy.
   Drain:     It drains your maximum health when unequipped.
Jewellery
 b - an amulet of faith
 d - a +4 ring of protection (left tentacle)
 e - the ring "Obra Mir" (on tentacle) {rF+ rC+ rN+ Str+6 Stlth+}
   (You found it in a Gauntlet)

   [ring of strength]

   Str+6:     It affects your strength (+6).
   rF+:       It protects you from fire.
   rC+:       It protects you from cold.
   rN+:       It protects you from negative energy.
   Stlth+:    It makes you more stealthy.
 B - a ring of positive energy (on tentacle)
 E - a ring of positive energy
 G - a ring of resist corrosion (on tentacle)
 N - a ring of poison resistance (on tentacle)
 O - an amulet of reflection (around mantle)
 Q - a ring of protection from cold (on tentacle)
 R - a ring of protection from fire (on tentacle)
 U - a ring of flight
 V - a +5 ring of evasion (right tentacle)
Wands
 j - a wand of paralysis (3)
 k - a wand of light (10)
 u - a wand of polymorph (4)
 T - a wand of roots (11)
Scrolls
 i - a scroll of torment
 l - 2 scrolls of vulnerability
 n - a scroll of enchant armour
 o - 9 scrolls of teleportation
 q - 4 scrolls of fog
 A - a scroll of revelation
 F - a scroll of blinking
 I - a scroll of immolation
 J - 2 scrolls of fear
 L - 2 scrolls of noise {unknown}
 W - 2 scrolls of brand weapon {unknown}
 X - a scroll of poison {unknown}
Potions
 c - 4 potions of might
 f - 2 potions of mutation {unknown}
 g - a potion of attraction
 m - a potion of haste {unknown}
 p - 2 potions of lignification
 r - 5 potions of cancellation
 t - 2 potions of invisibility
 v - 4 potions of curing
 x - a potion of berserk rage {unknown}
 C - 4 potions of enlightenment {unknown}
 D - 2 potions of brilliance {unknown}
 K - a potion of resistance
 Y - 3 potions of heal wounds {unknown}
Miscellaneous
 M - a phantom mirror


   Skills:
 - Level 11.4(16.4) Fighting
 * Level 17.1(22.1) Axes
 - Level 11.7(16.7) Dodging
 - Level 12.9(17.9) Shields
 - Level 10.1 Invocations


You had 13 spell levels left.
You didn't know any spells.
Your spell library contained the following spells:

 Spells                   Type           Power      Damage    Failure   Level
 Apportation              Tloc           0%         N/A       52%         1
 Cigotuvi's Dreadful Rot  Necr/Pois/Air  0%         N/A       65%         2
 Jinxbite                 Hex            0%         N/A       65%         2
 Sublimation of Blood     Necr           0%         N/A       65%         2
 Wereblood                Tmut           0%         N/A       65%         2
 Hailstorm                Conj/Ice       0%         3d3       87%         3
 Ignite Poison            Fire/Tmut/Pois 0%         N/A       87%         3
 Inner Flame              Hex/Fire       0%         N/A       87%         3
 Ozocubu's Armour         Ice            0%         N/A       87%         3
 Volatile Blastmotes      Fire/Tloc      0%         2d10      87%         3
 Dispel Undead            Necr           0%         3d6       99%         4
 Flame Wave               Conj/Fire      0%         2d4       99%         4
 Fulminant Prism          Conj/Hex       0%         3d5       99%         4
 Iskenderun's Mystic Bla  Conj/Tloc      0%         2d3       99%         4
 Passage of Golubria      Tloc           0%         N/A       99%         4
 Sticky Flame             Conj/Fire      0%         2d3       99%         4
 Alistair's Intoxication  Tmut/Pois      0%         N/A       100%        5
 Freezing Cloud           Conj/Ice/Air   0%         6-21      100%        5
 Lee's Rapid Deconstruct  Erth           0%         3d4*      100%        5
 Metabolic Englaciation   Hex/Ice        0%         N/A       100%        5
 Yara's Violent Unravell  Hex/Tmut       0%         3d3       100%        5
 Tukima's Dance           Hex            Unusable   N/A       N/A         3
 Animate Armour           Summ/Erth      Unusable   N/A       N/A         4
 Summon Ice Beast         Ice/Summ       Unusable   N/A       N/A         4
 Summon Lightning Spire   Summ/Air       Unusable   N/A       N/A         4
 Death Channel            Necr           Unusable   N/A       N/A         6
 Simulacrum               Ice/Necr       Unusable   N/A       N/A         6
 Summon Hydra             Summ           Unusable   N/A       N/A         7

Dungeon Overview and Level Annotations

Branches:
Dungeon (14/15)            Temple (0/1) D:7            Lair (5/5) D:11
  Swamp (0/4) Lair:3        Snake (0/4) Lair:3          Orc (0/2) D:10
  Sewer (visited)          Bailey (visited)           IceCv (visited)
Gauntlet (visited)
  Slime: Lair:4-5    Vaults: D:13-14

Altars:
Ashenzari
Cheibriados
Elyvilon
Gozag
Kikubaaqudgha
Makhleb
Nemelex Xobeh
Okawaru
Vehumet
Wu Jian
Zin
The Shining One

Shops:
D:2 *   D:11 :

Annotations:
D:4 2 transporters
D:6 Eustachio, Maggie
D:9 exclusion: downstairs
D:10 exclusions: 5 doors, downstairs and upstairs
D:13 exclusion: downstairs
D:14 exclusions: catoblepas and manticore
Lair:3 exclusion: oklob plant
Lair:5 exclusion: 4 oklob plants


Innate Abilities, Weirdness & Mutations

You cannot wear most types of armour.
You are amphibious.
You can wear up to eight rings at the same time.
Your skin changes colour to match your surroundings (Stealth+).
Your rubbery body absorbs attacks. (AC +1, EV +1)
((You are camouflaged when in or above water. (Stealth+)))
You have tentacles for arms and can constrict up to eight enemies at once.


Message History

You squeeze the catoblepas!
The catoblepas is moderately wounded.
You are engulfed in calcifying dust.
You block the catoblepas's attack.
Your limbs are stiffening.
Unknown command.
Unknown command.
You slice the catoblepas!!
The catoblepas is heavily wounded.
You are engulfed in calcifying dust.
You block the catoblepas's attack.
You have turned to stone.
The catoblepas gores you! The catoblepas gores you!! The catoblepas gores you!!
The catoblepas gores you! The catoblepas gores you!!
The catoblepas breathes a plume of calcifying dust at you.
The blast of calcifying dust hits you.
You are engulfed in calcifying dust.
The catoblepas gores you!!
You are engulfed in calcifying dust.
The catoblepas barely misses you.
You are engulfed in calcifying dust.
The catoblepas gores you!
You are engulfed in calcifying dust.
The catoblepas gores you!!
* * * LOW HITPOINT WARNING * * *
You turn to flesh and can move again.
The catoblepas breathes a plume of calcifying dust at you.
The blast of calcifying dust hits you.
* * * LOW HITPOINT WARNING * * *
Unknown command.
Unknown command.
You block the catoblepas's attack.
Unknown command.
You gain the combat prowess of a mighty hero.
You block the catoblepas's attack.
You slice the catoblepas!!
The catoblepas is severely wounded.
You block the catoblepas's attack.
Unknown command.
You hit the catoblepas but do no damage.
The catoblepas is severely wounded.
The catoblepas gores you!!
You die...

###......###..............
##......## ##.............
#.P###...## ##.#..P..P...#
#######...## ####.#...#...
##§###...# ##...........
...§.##..# #........#P..
#.§....########..#....
##.§....# ###..#......
##.§@.## #...........
###Y## #.....P.P... ###
#...###..... ##..####....#
#...........#
#...........#
##...........
#............
###............


You could see a catoblepas.

Vanquished Creatures
  An orc warlord (D:12)
  A minotaur (Gauntlet)
  2 vault guards (Bailey)
  An ice dragon (IceCv)
  A catoblepas (Lair:4)
  2 boulder beetles (D:11)
  4 two-headed ogres
  4 death yaks (Lair:5)
  A skyshark (Lair:4)
  2 deep elf pyromancers
  2 ugly things
  16 elephants
  A cyclops (D:13)
  5 black mambas
  2 ice statues (IceCv)
  A gargoyle (D:12)
  3 torpor snails (Lair:1)
  13 cane toads
  Maurice (D:11)
  An unseen horror (D:11)
  8 rime drakes
  11 komodo dragons
  An efreet (Gauntlet)
  A hornet (D:9)
  2 trolls
  A tyrant leech (Gauntlet)
  21 blink frogs
  4 polar bears
  Prince Ribbit (Bailey)
  6 dream sheep (Lair:3)
  A slime creature (D:12)
  Sigmund (D:2)
  3 water elementals (D:13)
  A vampire (D:12)
  A wraith (D:8)
  3 wyverns
  4 humans (Bailey)
  51 yaks
  7 basilisks
  A fire elemental (Gauntlet)
  2 steam dragons
  14 vampire mosquitoes
  3 swamp worms (Gauntlet)
  24 water moccasins
  An acid dragon (D:10)
  A hell hound (Gauntlet)
  10 ice beasts
  A black bear (D:6)
  5 orc warriors
  An ogre (D:4)
  A centaur (D:6)
  24 wolves
  2 phantoms
  3 kobold brigands
  A scorpion (D:5)
  20 bullfrogs
  2 gnoll sergeants
  8 wights
  6 lindwurm simulacra (IceCv)
  5 killer bees
  3 electric eels
  A crimson imp (D:8)
  5 komodo dragon simulacra (IceCv)
  6 orc priests
  3 hounds
  3 jellies
  An iguana (D:5)
  2 sleepcaps
  9 orc wizards
  5 hell rats (Lair:1)
  Robin (D:3)
  9 gnolls
  4 acid dragon simulacra (IceCv)
  10 adders
  3 river rats (Sewer)
  A white imp (D:7)
  2 ufetubi
  6 steam dragon simulacra (IceCv)
  2 worms
  3 dart slugs
  34 orcs
  9 ball pythons
  8 bats
  11 endoplasms
  3 giant cockroaches
  20 goblins
  10 hobgoblins
  3 jackals (D:3)
  22 kobolds
  4 quokkas
  25 frilled lizards
  11 rats
566 creatures vanquished.

Notes
Turn   | Place    | Note
-------+----------+-------------------------------------------
     0 | D:1      | Kurtz the Octopode Fighter began the quest for the Orb.
     0 | D:1      | Reached XP level 1. HP: 16/16 MP: 1/1
    36 | D:1      | Reached XP level 2. HP: 9/21 MP: 2/2
   133 | D:1      | Reached skill level 3 in Axes
   262 | D:1      | Reached XP level 3. HP: 26/26 MP: 3/3
   797 | D:2      | Found Afetrior's Assorted Antiques.
   822 | D:2      | Reached skill level 4 in Axes
   874 | D:2      | Reached XP level 4. HP: 31/31 MP: 4/4
   936 | D:2      | Noticed Sigmund
   946 | D:2      | Killed Sigmund
   947 | D:2      | Reached skill level 6 in Axes
   947 | D:2      | Reached XP level 5. HP: 31/36 MP: 5/5
  1020 | D:2      | Reached XP level 6. HP: 40/42 MP: 6/6
  1053 | D:2      | Found a broken altar of Ashenzari.
  1473 | D:3      | Noticed Robin
  1784 | D:3      | Killed Robin
  2372 | D:4      | Found an iron altar of Okawaru.
  2448 | D:4      | Became a worshipper of Warmaster Okawaru
  2492 | D:4      | Found a transporter.
  2496 | D:4      | Noticed an ice beast
  2496 | D:4      | Noticed an ice beast
  2570 | D:4      | Reached skill level 7 in Axes
  2570 | D:4      | Reached XP level 7. HP: 46/46 MP: 7/7
  2638 | D:4      | Found a transporter.
  2856 | D:5      | Entered Level 5 of the Dungeon
  2911 | D:5      | Found a sparkling altar of Nemelex Xobeh.
  3087 | D:5      | Reached skill level 8 in Axes
  3093 | D:5      | Found a glowing drain.
  3134 | Sewer    | Entered a sewer
  3178 | Sewer    | Reached skill level 1 in Invocations
  3490 | D:5      | Reached skill level 9 in Axes
  3770 | D:5      | Reached skill level 10 in Axes
  3956 | D:5      | Reached XP level 8. HP: 52/52 MP: 9/9
  4235 | D:5      | Reached skill level 11 in Axes
  4351 | D:5      | Found an ancient bone altar of Kikubaaqudgha.
  4360 | D:5      | Found an opulent altar of Gozag.
  4414 | D:6      | Reached * piety under Okawaru
  4506 | D:6      | Reached skill level 12 in Axes
  4659 | D:6      | Noticed Eustachio
  4745 | D:6      | Noticed Maggie
  4777 | D:6      | Reached skill level 13 in Axes
  4957 | D:7      | Found a staircase to the Ecumenical Temple.
  5059 | D:7      | Reached XP level 9. HP: 56/56 MP: 9/11
  5297 | D:6      | Reached skill level 14 in Axes
  5390 | D:7      | Reached ** piety under Okawaru
  5662 | D:7      | Reached skill level 15 in Axes
  5807 | D:7      | Found an ornate altar of the Wu Jian Council.
  6348 | D:8      | Reached *** piety under Okawaru
  6642 | D:8      | Noticed a purple ugly thing
  6661 | D:8      | Killed a purple ugly thing
  6662 | D:8      | Reached skill level 16 in Axes
  6662 | D:8      | Reached XP level 10. HP: 43/63 MP: 10/13
  7060 | D:8      | Found a glowing silver altar of Zin.
  7060 | D:8      | Found a glowing golden altar of the Shining One.
  7060 | D:8      | Found a white marble altar of Elyvilon.
  7161 | D:8      | Found a radiant altar of Vehumet.
  7161 | D:8      | Found a burning altar of Makhleb.
  7661 | D:9      | Found a flagged portal.
  7693 | Bailey   | Entered a bailey
  7728 | Bailey   | Reached **** piety under Okawaru
  7884 | Bailey   | Noticed a vault guard
  7909 | Bailey   | Killed a vault guard
  7910 | Bailey   | Reached skill level 5 in Invocations
  7989 | Bailey   | Noticed a vault guard
  7989 | Bailey   | Noticed Prince Ribbit
  8006 | Bailey   | Killed a vault guard
  8011 | Bailey   | Killed Prince Ribbit
  8316 | D:9      | Noticed a two-headed ogre
  8403 | D:9      | Killed a two-headed ogre
  8404 | D:9      | Reached skill level 5 in Fighting
  8404 | D:9      | Reached skill level 5 in Dodging
  8404 | D:9      | Reached XP level 11. HP: 72/72 MP: 15/15
  8571 | D:10     | Entered Level 10 of the Dungeon
  8571 | D:10     | Noticed a green ugly thing
  8582 | D:10     | Killed a green ugly thing
  8690 | D:10     | Noticed a six-headed hydra
  8829 | D:10     | Noticed a two-headed ogre
  8942 | D:10     | Found a staircase to the Orcish Mines.
  8957 | D:10     | Killed a two-headed ogre
  8958 | D:10     | Reached skill level 5 in Shields
 10626 | D:11     | Noticed a two-headed ogre
 10846 | D:11     | Noticed a two-headed ogre
 10859 | D:11     | Killed a two-headed ogre
 10908 | D:11     | Found a staircase to the Lair.
 11018 | D:11     | Noticed a boulder beetle
 11033 | D:11     | Killed a boulder beetle
 11157 | D:11     | Noticed Maurice
 11178 | D:11     | Killed Maurice
 11178 | D:11     | Reached ***** piety under Okawaru
 11285 | D:11     | Killed a two-headed ogre
 11298 | D:11     | Noticed a boulder beetle
 11312 | D:11     | Killed a boulder beetle
 11313 | D:11     | Reached XP level 12. HP: 79/80 MP: 17/17
 11755 | D:11     | Found Sodacly's Book Emporium.
 12241 | D:12     | Received a gift from Okawaru
 12284 | D:12     | Noticed an orc warlord
 12324 | D:12     | Killed an orc warlord
 13855 | D:14     | Noticed a catoblepas
 14142 | D:14     | Noticed a fire dragon
 14242 | Lair:1   | Entered Level 1 of the Lair of Beasts
 14291 | Lair:1   | Found a snail-covered altar of Cheibriados.
 14551 | Lair:1   | Reached XP level 13. HP: 5/90 MP: 19/19
 14552 | Lair:1   | Received a gift from Okawaru
 14599 | Lair:1   | Found a gate leading to a gauntlet.
 14609 | Gauntlet | Entered a Gauntlet
 14609 | Gauntlet | Found a transporter.
 14609 | Gauntlet | Found a transporter.
 14609 | Gauntlet | Found a transporter.
 14780 | Gauntlet | Found a transporter.
 14782 | Gauntlet | Found a transporter.
 14790 | Gauntlet | Found a transporter.
 14807 | Gauntlet | Found a transporter.
 14812 | Gauntlet | Found a transporter.
 14829 | Gauntlet | Found a transporter.
 14837 | Gauntlet | Found a transporter.
 14855 | Gauntlet | Found a transporter.
 14907 | Gauntlet | Found a transporter.
 15053 | Gauntlet | Identified the ring "Obra Mir" {rF+ rC+ rN+ Str+6 Stlth+}
 15221 | Gauntlet | Identified the +5 mace of the Jolly Emperors {spect, Int+2}
 15221 | Gauntlet | Noticed a minotaur
 15235 | Gauntlet | Killed a minotaur
 15436 | Lair:1   | You fall into a shaft and drop 1 floor!
 15524 | Lair:2   | Found a frozen archway.
 15543 | IceCv    | Entered an ice cave
 16294 | IceCv    | Noticed an ice dragon
 16324 | IceCv    | Reached skill level 10 in Fighting
 16463 | IceCv    | Killed an ice dragon
 17243 | Lair:2   | Reached skill level 10 in Dodging
 17243 | Lair:2   | Reached skill level 10 in Shields
 18567 | Lair:3   | Reached XP level 14. HP: 69/99 MP: 19/21
 18733 | Lair:3   | Found a staircase to the Snake Pit.
 18738 | Lair:3   | Received a gift from Okawaru
 19332 | Lair:3   | Found a staircase to the Swamp.
 19821 | Lair:3   | Found an opulent altar of Gozag.
 20656 | Lair:5   | Entered Level 5 of the Lair of Beasts
 20763 | Lair:4   | Received a gift from Okawaru
 21189 | Lair:4   | Reached skill level 10 in Invocations
 21372 | Lair:5   | Received a gift from Okawaru
 21555 | Lair:5   | Reached ****** piety under Okawaru
 21702 | Lair:5   | Acquired the +0 hat of Baldness {Drain rElec rN+ Int+3}
 21702 | Lair:5   | Received a gift from Okawaru
 21936 | Lair:5   | Reached skill level 17 in Axes
 22066 | Lair:5   | Slain by a catoblepas

Illustrated notes

Levels and vault maps discovered:
D:1:      dpeg_arrival_shrine, layout_loops_cross,
          chequers_hall_statues_corner_a, minmay_misc_feat_rugged,
          minmay_lizard_pond
D:2:      layout_loops_ring, basic_altar, serial_shops,
          nicolae_shop_competitors_out_of_business, minmay_parallelograms,
          uniq_sigmund
D:3:      layout_basic, serial_corexii_hall, chequers_hall_statues_wall_a,
          corexii_hall_statues_i, corexii_hall_statues_t,
          chequers_hall_statues_y, corexii_hall_statues_deadend,
          corexii_hall_statues_deadend, chequers_decorated_corner, uniq_robin
D:4:      gammafunk_cloud_chamber, layout_rooms, mainiacjoe_overflow_24_doors,
          minmay_misc_feat_alley
D:5:      layout_basic, nemelex_spade_bored_becter,
          amethyst_overflow_temple_binary, portal_sewer_entry_d, nrook_campfire,
          serial_bayou_lagoon_b
D:6:      minmay_angry_zag, layout_rooms, uniq_maggie, uniq_eustachio
D:7:      layout_rooms, nicolae_wu_jian_wuxing_cycle, temple_statues
D:8:      minmay_bloctagon_deflated, layout_basic, dreamdust_divine_triumvirate,
          grunt_temple_overflow_lords_of_destruction
D:9:      layout_roguey, enter_bailey_5
D:10:     layout_loops_corners, david_orc_2
D:11:     layout_basic, hellmonk_lair_entry_icy, serial_shops,
          nicolae_shop_real_fake_doors, uniq_maurice
D:12:     layout_irregular_city, kennysheep_four_rooms
D:13:     layout_basic
D:14:     minmay_bad_star, layout_basic, grunt_vaults_entry_fortified,
          gammafunk_ghost_spectres, uniq_azrael
Lair:1:   layout_cave_pods, gauntlet_entry_generic, kennysheep_snail_temple,
          infiniplex_staircase_pool_2
Lair:2:   layout_layer_cave, portal_ice_cave_rime, serial_bayou_pond_d
Lair:3:   layout_chaotic_city, minmay_swamp_entry_eels,
          minmay_snake_entry_six_corridors, lemuel_oklob_altar,
          grunt_megastairs_5
Lair:4:   layout_roguey
Lair:5:   evilmike_catoblepas_cave, layout_loops_ring,
          minmay_slime_entry_oklob_open

Skill      XL: |  1  2  3  4  5  6  7  8  9 10 11 12 13 14 |
---------------+-------------------------------------------+-----
Axes           | 3 4 6 7 10 13 16 17 | 17.1
Invocations    | 1 3 4 5 7 8 9 10 | 10.1
Fighting       | 5 6 9 10 11 | 11.4
Dodging        | 5 7 8 10 11 | 11.7
Shields        | 4 7 9 10 12 | 12.9

Action                     |  1- 3 |  4- 6 |  7- 9 | 10-12 | 13-15 || total
---------------------------+-------+-------+-------+-------+-------++-------
  Melee: War axe           |    56 |    90 |   234 |    58 |       ||   438
         Constrict         |    11 |    19 |    46 |    56 |    84 ||   216
         Tentacles         |     6 |    22 |    54 |   121 |   277 ||   480
         Punch             |     1 |     1 |     3 |     8 |    19 ||    32
         Hand axe          |       |       |       |   339 |   853 ||  1192
         Broad axe         |       |       |       |       |    54 ||    54
  Throw: Dart              |       |       |     6 |    70 |     6 ||    82
 Invoke: Heroism           |       |       |     4 |    10 |     8 ||    22
         Finesse           |       |       |       |     4 |     3 ||     7
         Receive Armour    |       |       |       |       |     1 ||     1
  Evoke: Wand              |       |     2 |    10 |     8 |     3 ||    23
    Use: Scroll            |       |       |       |    14 |    14 ||    28
         Potion            |       |       |       |     1 |     4 ||     5
   Stab: Sleeping          |     7 |     6 |    12 |     5 |    15 ||    45
         Distracted        |     1 |       |       |       |     1 ||     2
         Paralysed         |       |       |     2 |       |     2 ||     4
         Invisible         |       |       |       |     2 |     1 ||     3
         Petrified         |       |       |       |       |     3 ||     3
         Petrifying        |       |       |       |       |     1 ||     1
 Armour: Skin              |    26 |    38 |   104 |   123 |   200 ||   491
  Dodge: Dodged            |    41 |    38 |   103 |   156 |   297 ||   635
  Block: Buckler           |    13 |    14 |    37 |   149 |    49 ||   262
         Reflection        |       |       |       |     1 |     1 ||     2
         Tower shield      |       |       |       |       |   703 ||   703

Table legend: (Time is in decaauts)
 A = Elapsed time spent in this place.
 B = Non-inter-level travel time spent in this place.
 C = Inter-level travel time spent in this place.
 D = Time resting spent in this place.
 E = Time spent auto-exploring this place.
 F = Levels seen in this place.
 G = Mean time per level.
                   A        B        C        D        E       F      G
               +--------+--------+--------+--------+--------+-----+--------+
         Total |  21764 |  20491 |   1273 |   4394 |  11184 |  23 |  946.3 |
       Dungeon |  13529 |  12379 |   1150 |   2145 |   7632 |  14 |  966.4 |
          Lair |   5661 |   5538 |    123 |   1056 |   3050 |   5 | 1132.2 |
         Sewer |    342 |    342 |      0 |      0 |    196 |   1 |  342.0 |
        Bailey |    343 |    343 |      0 |    144 |     37 |   1 |  343.0 |
      Ice Cave |   1196 |   1196 |      0 |    767 |    109 |   1 | 1196.0 |
      Gauntlet |    690 |    690 |      0 |    281 |    160 |   1 |  690.0 |
               +--------+--------+--------+--------+--------+-----+--------+

Top non-repeatable levels by time:
    D:10: 1838 daAuts
    D:11: 1508 daAuts
     D:8: 1398 daAuts
  Lair:3: 1390 daAuts
  Lair:1: 1241 daAuts
     D:5: 1199 daAuts
   IceCv: 1196 daAuts
  Lair:4: 1174 daAuts
     D:6: 1046 daAuts
    D:12: 1020 daAuts
  Lair:5: 960 daAuts
  Lair:2: 894 daAuts
     D:2: 844 daAuts
     D:1: 815 daAuts
    D:13: 807 daAuts
